[Event "German-ch Women 2024"]
[Site "Ostfildern"]
[Date "2024.08.19"]
[Round "1.1"]
[White "Kostak, Tetyana"]
[Black "Just, Anita"]
[Result "1-0"]
[ECO "C00"]
[WhiteElo "2094"]
[BlackElo "1871"]
[Annotator "NA RC"]
[PlyCount "127"]
[EventDate "2024.08.16"]
[EventType "tourn"]
[EventCountry "GER"]
[SourceTitle "playchess.com"]
[Source "ChessBase"]
[SourceQuality "1"]
[TimeControl "40/5400+30:1800+30"]

1. e4 e6 2. d3 d5 3. Nd2 b6 4. Ngf3 Nf6 5. e5 Nfd7 6. d4 c5 7. c3 Nc6 8. a3 Be7 9. Bb5 Bb7 10. O-O Qc7 11. Re1 O-O-O 12. b4 $14 c4 13. Ba4 g5 14. Nf1 h6 15. h3 Rdg8 16. N3h2 h5 17. Ng3 h4 18. Ngf1 Nd8 19. Bxd7+ Qxd7 20. Ng4 Bc6 21. a4 b5 22. axb5 Bxb5 23. Nfh2 Rg6 24. Qc2 Rhg8 25. Bd2 Nc6 26. Qd1 Kb7 27. Ra2 Qc7 28. Qf3 Rf8 29. Rea1 a6 30. Re1 Qd8 31. Qd1 Qc7 32. Ne3 Qd8 33. Nhg4 Qc7 34. Nc2 Qd8 35. Na3 Qb6 36. Nxb5 axb5 37. Qf3 Qc7 38. Rea1 Rgg8 39. Be3 Qd7 40. Ra6 Qc7 41. Qe2 Ra8 42. Qa2 Qb8 43. Nh6 Rf8 44. Nxf7 Rxa6 45. Qxa6+ Kc7 46. Nxg5 Rg8 47. Nxe6+ Kd7 48. Nf4 Qc8 49. Qxc8+ Rxc8 50. Nxd5 Ke6 51. Nb6 Rd8 52. d5+ Rxd5 53. Nxd5 Kxd5 54. f4 Ke4 55. Kf2 Kd3 56. Ra6 Nxe5 57. fxe5 Kxc3 58. Ra7 Bxb4 59. Rb7 Kd3 60. Rxb5 Be7 61. Rb7 Ba3 62. Rc7 c3 63. e6 Bd6 64. Rd7 1-0

[Event "German-ch Women 2024"]
[Site "Ostfildern"]
[Date "2024.08.19"]
[Round "1.2"]
[White "Wartenberg, Alissa"]
[Black "Wagenschuetz, Evelyn"]
[Result "0-1"]
[ECO "B90"]
[WhiteElo "1858"]
[BlackElo "2070"]
[Annotator "NA RC"]
[PlyCount "60"]
[EventDate "2024.08.16"]
[EventType "tourn"]
[EventCountry "GER"]
[SourceTitle "playchess.com"]
[Source "ChessBase"]
[SourceQuality "1"]
[TimeControl "40/5400+30:1800+30"]

1. e4 c5 2. Nf3 d6 3. d4 cxd4 4. Nxd4 Nf6 5. Nc3 a6 6. Bd3 e5 7. Nde2 Nc6 8. O-O Be7 9. Ng3 h5 10. Nd5 h4 11. Ne2 Nxd5 12. exd5 Nb4 13. c4 Nxd3 14. Qxd3 g6 $11 15. b4 Bf5 16. Qc3 Rc8 17. Be3 h3 18. g3 Be4 19. Rfd1 Qd7 20. Bb6 Qg4 21. Re1 Bxd5 22. Nf4 Rxc4 23. Qd3 Rxf4 24. Qxd5 Rxb4 25. f3 Qd7 26. Ba5 Qb5 27. Qxb5+ Rxb5 28. Bc3 Rc5 29. Rac1 Kd7 30. f4 Rhc8 0-1

[Event "German-ch Women 2024"]
[Site "Ostfildern"]
[Date "2024.08.19"]
[Round "1.3"]
[White "Miljkovic, Jovana"]
[Black "Moeller, Hannah"]
[Result "1-0"]
[ECO "A35"]
[WhiteElo "2021"]
[BlackElo "1845"]
[Annotator "NA RC"]
[PlyCount "53"]
[EventDate "2024.08.16"]
[EventType "tourn"]
[EventCountry "GER"]
[SourceTitle "playchess.com"]
[Source "ChessBase"]
[SourceQuality "1"]
[TimeControl "40/5400+30:1800+30"]

1. Nf3 Nf6 2. c4 c5 3. Nc3 Nc6 4. e3 g6 5. d4 cxd4 6. exd4 d5 7. cxd5 Nxd5 8. Bb5 a6 9. Bxc6+ bxc6 10. Ne5 Nxc3 11. bxc3 Qd5 12. O-O Bg7 13. c4 Qe6 14. Re1 $16 O-O 15. Ba3 Re8 16. Qa4 Bb7 17. Rab1 Qc8 18. Qb3 Rb8 19. Bc5 Ba8 20. Qxb8 Qxb8 21. Rxb8 Rxb8 22. Bxe7 Rb2 23. a3 Bf8 24. Bxf8 Kxf8 25. h3 Rd2 26. Nd7+ Kg7 27. Nb6 1-0

[Event "German-ch Women 2024"]
[Site "Ostfildern"]
[Date "2024.08.19"]
[Round "1.4"]
[White "Walker, Julia"]
[Black "Staerk, Elisa"]
[Result "1-0"]
[ECO "B22"]
[WhiteElo "1836"]
[BlackElo "2002"]
[Annotator "NA RC"]
[PlyCount "69"]
[EventDate "2024.08.16"]
[EventType "tourn"]
[EventCountry "GER"]
[SourceTitle "playchess.com"]
[Source "ChessBase"]
[SourceQuality "1"]
[TimeControl "40/5400+30:1800+30"]

1. e4 c5 2. c3 Nf6 3. e5 Nd5 4. d4 cxd4 5. Nf3 e6 6. cxd4 d6 7. Bc4 Be7 8. Qe2 b6 9. O-O O-O 10. Rd1 Bb7 11. Bxd5 Bxd5 12. Nc3 Bxf3 13. Qxf3 d5 14. Ne2 Nc6 15. Nf4 Qd7 $14 16. Qg4 Kh8 17. Rd3 g6 18. h4 Rg8 19. Nh3 f5 20. exf6 Bxf6 21. Bg5 Bg7 22. Re1 Rae8 23. a3 h5 24. Qd1 e5 25. dxe5 Nxe5 26. Rde3 Ng4 27. Re7 Rxe7 28. Rxe7 Qd6 29. Nf4 Be5 30. Re6 Qc5 31. Qe1 Nxf2 32. Qxe5+ Rg7 33. Nxg6+ Kh7 34. Be3 Ng4 35. Qxh5+ 1-0

[Event "German-ch Women 2024"]
[Site "Ostfildern"]
[Date "2024.08.19"]
[Round "1.5"]
[White "Braun, Kristin"]
[Black "Noll, Sonja"]
[Result "1-0"]
[ECO "B03"]
[WhiteElo "2001"]
[BlackElo "1810"]
[Annotator "NA RC"]
[PlyCount "47"]
[EventDate "2024.08.16"]
[EventType "tourn"]
[EventCountry "GER"]
[SourceTitle "playchess.com"]
[Source "ChessBase"]
[SourceQuality "1"]
[TimeControl "40/5400+30:1800+30"]

1. e4 Nf6 2. e5 Nd5 3. c4 Nb6 4. d4 d6 5. f4 dxe5 6. fxe5 Nc6 7. Be3 Bf5 8. Nc3 e6 9. Nf3 Nb4 10. Rc1 c5 11. a3 Na6 12. d5 Bg4 13. d6 $18 Nd7 14. Be2 Bxf3 15. Bxf3 Qh4+ 16. g3 Qh3 17. Bxb7 Rb8 18. Bxa6 Qg2 19. Rf1 Qxh2 20. Ne4 Qxb2 21. Bb5 Qxe5 22. Bxd7+ Kxd7 23. Qa4+ Kd8 24. Rxf7 1-0

[Event "German-ch Women 2024"]
[Site "Ostfildern"]
[Date "2024.08.19"]
[Round "1.6"]
[White "Koeberl, Christiane"]
[Black "Bluebaum, Johanna"]
[Result "0-1"]
[ECO "D03"]
[WhiteElo "1745"]
[BlackElo "1994"]
[Annotator "NA RC"]
[PlyCount "69"]
[EventDate "2024.08.16"]
[EventType "tourn"]
[EventCountry "GER"]
[SourceTitle "playchess.com"]
[Source "ChessBase"]
[SourceQuality "1"]
[TimeControl "40/5400+30:1800+30"]

1. d4 Nf6 2. Nf3 e6 3. Bg5 d5 4. e3 c5 5. c3 Nc6 6. Bd3 h6 7. Bh4 Be7 8. Nbd2 O-O 9. Rc1 {[%emt 0:00:50] D03: 1 d4 d5 2 Nf3 Nf6 3 Bg5, including Torre Attack with early ...d5.} c4 10. Bb1 g6 11. h3 b5 12. O-O Nh5 13. Bxe7 Qxe7 14. e4 Nf4 15. Re1 Qf6 16. e5 Qe7 17. Nf1 b4 18. Qd2 g5 19. Ne3 $16 h5 20. Nf1 bxc3 21. Rxc3 Nb4 22. Nxg5 Nbd3 23. Re3 h4 24. Nf3 f5 25. Bxd3 cxd3 26. Rexd3 Nxd3 27. Qxd3 Rf7 28. Qc2 Ba6 29. N1d2 Rg7 30. Nb3 Kh7 31. Nc5 Bc4 32. b3 Rxg2+ 33. Kh1 Rag8 34. bxc4 Qg7 35. Qd1 0-1

[Event "German-ch Women 2024"]
[Site "Ostfildern"]
[Date "2024.08.19"]
[Round "1.7"]
[White "Novikova, Margarita"]
[Black "Albayrak, Aylin"]
[Result "1-0"]
[ECO "A45"]
[WhiteElo "1991"]
[BlackElo "1741"]
[Annotator "NA RC"]
[PlyCount "77"]
[EventDate "2024.08.16"]
[EventType "tourn"]
[EventCountry "GER"]
[SourceTitle "playchess.com"]
[Source "ChessBase"]
[SourceQuality "1"]
[TimeControl "40/5400+30:1800+30"]

1. d4 Nf6 2. Bf4 g6 3. Nd2 Bg7 4. e4 d6 5. Bd3 O-O 6. h3 Nbd7 7. Ngf3 c5 8. c3 a6 9. a4 b6 10. O-O Bb7 11. Qe2 Re8 12. e5 dxe5 13. dxe5 Nd5 14. Bg3 $11 Nf8 15. Ng5 h6 16. Nge4 f5 17. exf6 exf6 18. Qd1 Re6 19. Nc4 f5 20. Ned6 Bc6 21. Be2 f4 22. Bf3 Nxc3 23. bxc3 Bxf3 24. Qxf3 fxg3 25. fxg3 Ra7 26. Rad1 Rd7 27. Qd5 Qe7 28. Nc8 Qe8 29. N4d6 Qd8 30. Rxf8+ Kxf8 31. Qxe6 Bxc3 32. Qxg6 Bd4+ 33. Kh2 Rg7 34. Qxh6 Kg8 35. Qe6+ Kh7 36. Nf5 Rg6 37. Qf7+ Kh8 38. Qxg6 Qxc8 39. Rxd4 1-0

[Event "German-ch Women 2024"]
[Site "Ostfildern"]
[Date "2024.08.19"]
[Round "1.8"]
[White "Foltin, Alica"]
[Black "Moutaqi, Sandra"]
[Result "1-0"]
[ECO "D35"]
[WhiteElo "1722"]
[BlackElo "1961"]
[Annotator "NA RC"]
[PlyCount "133"]
[EventDate "2024.08.16"]
[EventType "tourn"]
[EventCountry "GER"]
[SourceTitle "playchess.com"]
[Source "ChessBase"]
[SourceQuality "1"]
[TimeControl "40/5400+30:1800+30"]

1. d4 d5 2. c4 e6 3. Nc3 Nf6 4. cxd5 exd5 5. Bg5 Be7 6. e3 O-O 7. Qc2 h6 8. Bh4 Be6 9. Bd3 Nc6 10. a3 a6 11. Nge2 Rc8 12. O-O Ng4 $16 13. Bxe7 Nxe7 14. h3 Nf6 15. b4 Qd7 16. Nf4 g5 17. Nxe6 Qxe6 18. Na4 b5 19. Nc5 Qd6 20. a4 Rb8 21. Qe2 Rb6 22. f4 Rfb8 23. axb5 axb5 24. fxg5 hxg5 25. Qf2 Rf8 26. Ra5 Nh5 27. Rxb5 Rxb5 28. Bxb5 Ng3 29. Rb1 Rb8 30. Bd3 Nc6 31. b5 Na7 32. Qa2 Nc8 33. Qa6 Nb6 34. Na4 Ra8 35. Nxb6 Rxa6 36. bxa6 cxb6 37. Ra1 Qb8 38. a7 Qa8 39. Bb5 Kg7 40. Bc6 Qxc6 41. a8=Q Ne2+ 42. Kf2 Qc4 43. Qa2 Nc3 44. Qxc4 Ne4+ 45. Kf3 Nd2+ 46. Ke2 Nxc4 47. Rb1 Kf6 48. Kd3 Ke7 49. e4 Nd6 50. exd5 b5 51. Kc3 Ne4+ 52. Kd3 Nd6 53. Ra1 Nc4 54. Ra7+ Kf6 55. Rb7 Nd6 56. Rb6 Ke7 57. Kc3 Kd7 58. Kb4 Kc7 59. Rc6+ Kd7 60. Kc5 Nf5 61. Rf6 Ne3 62. Rxf7+ Ke8 63. Rg7 Nxg2 64. d6 Nf4 65. d7+ Kf8 66. d8=Q+ Kxg7 67. Qxg5+ 1-0

[Event "German-ch Women 2024"]
[Site "Ostfildern"]
[Date "2024.08.19"]
[Round "1.9"]
[White "Wilmink, Anna"]
[Black "Bursan, Ana-Maria"]
[Result "1-0"]
[ECO "C15"]
[WhiteElo "1905"]
[BlackElo "1719"]
[Annotator "NA RC"]
[PlyCount "83"]
[EventDate "2024.08.16"]
[EventType "tourn"]
[EventCountry "GER"]
[SourceTitle "playchess.com"]
[Source "ChessBase"]
[SourceQuality "1"]
[TimeControl "40/5400+30:1800+30"]

1. e4 e6 2. d4 d5 3. Nc3 Bb4 4. Nge2 dxe4 5. a3 Be7 6. Nxe4 Nf6 7. N2g3 O-O 8. c3 Nbd7 9. Bd3 c5 10. dxc5 Nxc5 11. Nxc5 Bxc5 12. O-O Bd7 $11 13. Bg5 Bc6 14. Bxf6 Qxf6 15. Qh5 Rfc8 16. Bxh7+ Kh8 17. Bc2+ Qh6 18. Qxc5 Bxg2 19. Qh5 Qxh5 20. Nxh5 Bxf1 21. Kxf1 Rc5 22. Nf4 Rd8 23. Ke2 Re5+ 24. Kf3 Rd2 25. Be4 Rb5 26. b4 g5 27. Ke3 Rd8 28. Nd3 f5 29. Bg2 Rb6 30. Ne5 Kg7 31. Nc4 f4+ 32. Ke2 Rb5 33. Be4 g4 34. Rg1 Rg5 35. h4 Rh5 36. Rxg4+ Kf6 37. Rxf4+ Ke7 38. Bg6 Rhd5 39. Rf7+ Ke8 40. a4 Rc8 41. Ne3 Re5 42. Rf5+ 1-0

[Event "German-ch Women 2024"]
[Site "Ostfildern"]
[Date "2024.08.19"]
[Round "1.10"]
[White "Sokyrko, Sofiia"]
[Black "Mader, Lena"]
[Result "0-1"]
[ECO "D90"]
[WhiteElo "1585"]
[BlackElo "1876"]
[Annotator "NA RC"]
[PlyCount "96"]
[EventDate "2024.08.16"]
[EventType "tourn"]
[EventCountry "GER"]
[SourceTitle "playchess.com"]
[Source "ChessBase"]
[SourceQuality "1"]
[TimeControl "40/5400+30:1800+30"]

1. d4 d5 2. c4 c6 3. Nc3 Nf6 4. cxd5 cxd5 5. Nf3 Nc6 6. Bf4 a6 7. e3 g6 $14 (7... Bf5 $11) 8. Bd3 Bg7 9. a3 O-O 10. h3 b5 11. Rc1 Bd7 12. O-O Rc8 13. Ne5 Na5 14. b4 Nc4 15. Nxc4 dxc4 16. Bc2 Bc6 17. e4 e6 18. Bg5 Qb6 19. d5 exd5 20. exd5 Ba8 21. Qd2 Rcd8 22. Rcd1 Rd7 23. Bh6 Rfd8 24. Bxg7 Kxg7 25. Qf4 Nxd5 26. Nxd5 Rxd5 27. Rxd5 Rxd5 28. Be4 Rd8 29. Bc2 Qd6 30. Qc1 Qf6 31. Qe1 Rd7 32. Qe3 Re7 33. Qg3 Qe5 34. Qg4 Bd5 35. f4 h5 36. Qd1 Qe3+ 37. Kh2 Be4 38. Bxe4 Qxe4 39. f5 Qe5+ 40. Kh1 Re8 41. Qc1 Rd8 42. f6+ Kh7 43. Qc2 Rd3 44. Qf2 Qd5 45. Kh2 Rd2 46. Qg3 Qd6 47. Rf4 Rd3 48. Qf2 g5 0-1

[Event "German-ch Women 2024"]
[Site "Ostfildern"]
[Date "2024.08.20"]
[Round "2.1"]
[White "Novikova, Margarita"]
[Black "Kostak, Tetyana"]
[Result "1-0"]
[ECO "C41"]
[WhiteElo "1991"]
[BlackElo "2094"]
[Annotator "RC"]
[PlyCount "103"]
[EventDate "2024.08.16"]
[EventType "tourn"]
[EventCountry "GER"]
[SourceTitle "playchess.com"]
[Source "ChessBase"]
[SourceQuality "1"]
[TimeControl "40/5400+30:1800+30"]

1. d4 d6 2. e4 Nf6 3. Nc3 Nbd7 4. Nf3 e5 5. dxe5 dxe5 6. Bc4 Bc5 7. Bg5 c6 8. O-O b5 9. Bd3 h6 10. Bd2 O-O 11. a3 Re8 12. b4 Bb6 13. a4 bxa4 14. Nxa4 Bc7 15. h3 Rb8 16. Qe2 Bd6 17. c3 c5 18. b5 Bb7 19. Nb2 Nb6 20. Rxa7 c4 21. Nxc4 Nxc4 22. Bxc4 Bc5 23. Bxf7+ Kxf7 24. Rxb7+ Rxb7 25. Qc4+ Kg6 26. Qxc5 Kh7 27. Be3 Qd3 28. c4 Qxe4 29. Nd2 Qd3 30. Qc6 Rbb8 31. b6 Rec8 32. Qb5 Nd7 33. Qa5 Qd6 34. Rb1 Nc5 35. Rb5 Nb7 36. Qc3 Nc5 37. Qc2+ Kh8 38. Bxc5 Qd7 39. Qb2 Rd8 40. Be3 Qc6 41. Qxe5 Rb7 42. Qe4 Qc8 43. c5 Re8 44. Qf3 Rf8 45. Qe2 Qc6 46. Nb3 Qe4 47. Na5 Rbf7 48. Qc4 Qe5 49. Qd4 Qf5 50. b7 Rb8 51. Qd6 Rff8 52. Nc6 1-0

[Event "German-ch Women 2024"]
[Site "Ostfildern"]
[Date "2024.08.20"]
[Round "2.2"]
[White "Wagenschuetz, Evelyn"]
[Black "Wilmink, Anna"]
[Result "1/2-1/2"]
[ECO "C63"]
[WhiteElo "2070"]
[BlackElo "1905"]
[Annotator "RC"]
[PlyCount "100"]
[EventDate "2024.08.16"]
[EventType "tourn"]
[EventCountry "GER"]
[SourceTitle "playchess.com"]
[Source "ChessBase"]
[SourceQuality "1"]
[TimeControl "40/5400+30:1800+30"]

1. e4 e5 2. Nf3 Nc6 3. Bb5 f5 4. d3 Nf6 5. Qe2 fxe4 6. dxe4 Bc5 7. O-O d6 8. h3 O-O 9. Bxc6 bxc6 10. Qc4+ Kh8 11. Nxe5 Bxf2+ 12. Rxf2 dxe5 13. Nc3 Qe8 14. Qc5 Bd7 15. Be3 Qg6 16. Rf3 Rae8 17. Raf1 Rg8 18. Qxa7 Nxe4 19. Nxe4 Qxe4 20. Qxc7 Be6 21. R1f2 Bd5 22. Rg3 Qb4 23. c3 Qe7 24. Qxe7 Rxe7 25. Bc5 Rf7 26. Rxf7 Bxf7 27. a4 Ra8 28. Bd6 Rxa4 29. Bxe5 Bg6 30. b4 Ra7 31. Kf2 Kg8 32. Ke3 Rd7 33. Bd4 Re7+ 34. Kd2 Rd7 35. Kc1 Bf5 36. Re3 h5 37. Re5 g6 38. Kd2 Kf7 39. Ke3 Re7 40. Kf4 Rxe5 41. Kxe5 Ke7 42. h4 Kd7 43. Bc5 Kc7 44. c4 Bd3 45. Bd6+ Kb7 46. Kd4 Bf5 47. Kc5 Be4 48. g3 Bf5 49. b5 cxb5 50. cxb5 Bd3 1/2-1/2

[Event "German-ch Women 2024"]
[Site "Ostfildern"]
[Date "2024.08.20"]
[Round "2.3"]
[White "Mader, Lena"]
[Black "Miljkovic, Jovana"]
[Result "0-1"]
[ECO "A36"]
[WhiteElo "1876"]
[BlackElo "2021"]
[Annotator "RC"]
[PlyCount "147"]
[EventDate "2024.08.16"]
[EventType "tourn"]
[EventCountry "GER"]
[SourceTitle "playchess.com"]
[Source "ChessBase"]
[SourceQuality "1"]
[TimeControl "40/5400+30:1800+30"]

1. c4 c5 2. g3 Nc6 3. Bg2 g6 4. e3 Bg7 5. Ne2 d6 6. Nbc3 Nh6 7. d3 Bg4 8. h3 Bd7 9. Rb1 O-O 10. O-O Rb8 11. a3 a5 12. b3 Nf5 13. Bb2 h5 14. Nb5 Ne5 15. d4 cxd4 16. Nbxd4 Nc6 17. Nxf5 Bxf5 18. Bxg7 Kxg7 19. e4 Bd7 20. Nc3 Be6 21. Kh2 Qc8 22. Rb2 Rh8 23. f4 f6 24. Rbf2 Bf7 25. Nb5 a4 26. bxa4 Bxc4 27. Re1 Qg8 28. Nd4 Qd8 29. Bf1 Bf7 30. Bb5 Qb6 31. Rd2 Nxd4 32. Rxd4 h4 33. Rg1 e5 34. Rd2 hxg3+ 35. Rxg3 exf4 36. Rf3 Rbd8 37. Rxf4 Qe3 38. Rf3 Qxe4 39. Rdf2 Qe5+ 40. Rg3 Rh4 41. Qe2 Re4 42. Qb2 Rd4 43. Qc3 Rh8 44. Qe3 Bd5 45. Qxe5 dxe5 46. Rc3 f5 47. Rfc2 Be4 48. Re2 Rd1 49. Rxe4 fxe4 50. Rc7+ Kf6 51. Rxb7 Rd2+ 52. Kg3 Ra2 53. h4 Rxa3+ 54. Kg4 Ra1 55. Rb6+ Ke7 56. Rb7+ Kd6 57. Rd7+ Kc5 58. Rc7+ Kd4 59. Kg5 Rg1+ 60. Kf6 Rxh4 61. Rd7+ Kc3 62. Kxe5 Rg5+ 63. Kf6 Rg3 64. Ke5 e3 65. Rd3+ Kc2 66. Rd6 Rg5+ 67. Ke6 Rxb5 68. axb5 e2 69. Rc6+ Kd3 70. Rd6+ Rd4 71. Rxd4+ Kxd4 72. Kd6 e1=Q 73. b6 Qb4+ 74. Kc7 0-1

[Event "German-ch Women 2024"]
[Site "Ostfildern"]
[Date "2024.08.20"]
[Round "2.4"]
[White "Walker, Julia"]
[Black "Braun, Kristin"]
[Result "0-1"]
[ECO "B06"]
[WhiteElo "1836"]
[BlackElo "2001"]
[Annotator "NA RC"]
[PlyCount "46"]
[EventDate "2024.08.16"]
[EventType "tourn"]
[EventCountry "GER"]
[SourceTitle "playchess.com"]
[Source "ChessBase"]
[SourceQuality "1"]
[TimeControl "40/5400+30:1800+30"]

1. e4 c5 2. c3 d5 3. exd5 Qxd5 4. d4 g6 5. Nf3 Bg7 6. Na3 cxd4 7. Bc4 Qe4+ 8. Be3 Nh6 9. Nb5 O-O 10. cxd4 Nf5 11. Qb3 Nxe3 12. fxe3 Nc6 13. Bxf7+ Kh8 14. Bd5 Qg4 15. Nc7 $16 Rb8 16. Bxc6 bxc6 17. Qxb8 Qxg2 18. O-O-O Qxf3 19. Qb3 Bh6 20. Rde1 Qe4 21. d5 Rf2 22. Qd1 Bf5 23. Re2 Bxe3+ 0-1

[Event "German-ch Women 2024"]
[Site "Ostfildern"]
[Date "2024.08.20"]
[Round "2.5"]
[White "Bluebaum, Johanna"]
[Black "Foltin, Alica"]
[Result "0-1"]
[ECO "D45"]
[WhiteElo "1994"]
[BlackElo "1722"]
[Annotator "RC"]
[PlyCount "80"]
[EventDate "2024.08.16"]
[EventType "tourn"]
[EventCountry "GER"]
[SourceTitle "playchess.com"]
[Source "ChessBase"]
[SourceQuality "1"]
[TimeControl "40/5400+30:1800+30"]

1. d4 d5 2. c4 c6 3. Nc3 Nf6 4. e3 e6 5. Nf3 Nbd7 6. Qc2 Bd6 7. b3 O-O 8. Be2 Re8 9. a4 a5 10. Ba3 Qe7 11. Bxd6 Qxd6 12. O-O e5 13. cxd5 Nxd5 14. Nxd5 cxd5 15. Bb5 e4 16. Nd2 Re6 17. f4 exf3 18. Rxf3 b6 19. Raf1 Nf6 20. Rh3 g6 21. Qd3 Re7 22. Rg3 Nh5 23. Rg5 h6 24. Re5 Bf5 25. Qe2 Be6 26. Rxh5 gxh5 27. Qxh5 Bd7 28. Bxd7 Rxd7 29. Rf4 Rc8 30. Nf3 Rc1+ 31. Kf2 Rc2+ 32. Kf1 Rc1+ 33. Kf2 Rc2+ 34. Kg3 f5 35. Kh3 Rg7 36. g3 Rf2 37. Qe8+ Kh7 38. Qh5 Re2 39. Qxf5+ Qg6 40. Qxd5 Rxh2+ 0-1

[Event "German-ch Women 2024"]
[Site "Ostfildern"]
[Date "2024.08.20"]
[Round "2.6"]
[White "Staerk, Elisa"]
[Black "Noll, Sonja"]
[Result "1-0"]
[ECO "A41"]
[WhiteElo "2002"]
[BlackElo "1810"]
[Annotator "RC"]
[PlyCount "125"]
[EventDate "2024.08.16"]
[EventType "tourn"]
[EventCountry "GER"]
[SourceTitle "playchess.com"]
[Source "ChessBase"]
[SourceQuality "1"]
[TimeControl "40/5400+30:1800+30"]

1. d4 d6 2. Nf3 g6 3. c4 c5 4. g3 cxd4 5. Nxd4 Bg7 6. Nc3 Qb6 7. e3 Nf6 8. Qb3 Qxb3 9. axb3 Na6 10. Bg2 Nc5 11. Ncb5 O-O 12. O-O e5 13. Nc7 Rb8 14. Ndb5 Nxb3 15. Rxa7 Rd8 16. e4 Nc5 17. Bg5 Ne6 18. Bxf6 Bxf6 19. Nd5 Kg7 20. Rd1 Bd7 21. Ndc3 Be7 22. Raa1 Bc6 23. f3 f5 24. Bh3 Ng5 25. Bg2 fxe4 26. fxe4 Ne6 27. Rd2 Rd7 28. Bh3 Ng5 29. Bg2 Rf8 30. Rad1 Rf6 31. c5 Nf7 32. b4 Rd8 33. cxd6 Nxd6 34. Nc7 Nf7 35. Rxd8 Bxd8 36. N7d5 Rd6 37. b5 Bd7 38. Kf1 Ng5 39. h4 Ne6 40. Bh3 Be8 41. Bxe6 Rxe6 42. Ra1 Rd6 43. Ra7 Rd7 44. Ke2 g5 45. hxg5 Bxg5 46. b6 Bh5+ 47. Kd3 Bd8 48. Kc4 Be8 49. Nb5 Bg6 50. Nbc3 Bf7 51. Kc5 Bg6 52. Ra8 Kh6 53. Rc8 Kg5 54. Ne3 Be7+ 55. Kb5 Rd4 56. Ned5 Bf6 57. Nxf6 Kxf6 58. Rc7 Be8+ 59. Kc5 Bc6 60. Nd5+ Kg5 61. Rxc6 bxc6 62. b7 cxd5 63. exd5 1-0

[Event "German-ch Women 2024"]
[Site "Ostfildern"]
[Date "2024.08.20"]
[Round "2.7"]
[White "Moutaqi, Sandra"]
[Black "Koeberl, Christiane"]
[Result "1-0"]
[ECO "A53"]
[WhiteElo "1961"]
[BlackElo "1745"]
[Annotator "NA RC"]
[PlyCount "83"]
[EventDate "2024.08.16"]
[EventType "tourn"]
[EventCountry "GER"]
[SourceTitle "playchess.com"]
[Source "ChessBase"]
[SourceQuality "1"]
[TimeControl "40/5400+30:1800+30"]

1. d4 Nf6 2. c4 d6 3. Nc3 Nbd7 4. e4 e5 5. d5 c6 6. Bd3 Be7 {[%emt 0:00:35] A53: Old Indian Defence without Nf3.} 7. Nge2 a5 8. a3 Nc5 9. Bc2 Bg4 10. f3 Bd7 11. O-O Qc8 12. Be3 cxd5 13. cxd5 O-O 14. Rc1 a4 15. Kh1 h6 16. Bxc5 Qxc5 17. Bxa4 Bxa4 18. Nxa4 Qe3 19. Nac3 Ne8 20. Qb3 b6 $18 (20... Qa7 $16 {was called for.} 21. Nb5 Qb6) 21. Ng3 g6 22. Rfe1 Qg5 23. Qxb6 f5 24. exf5 gxf5 25. Qb7 Ng7 26. Rc2 h5 27. Rg1 Rfb8 28. Qd7 Rd8 29. Qb5 Rdb8 30. Qc4 Rc8 31. Qd3 h4 32. Nge2 Nh5 33. g4 hxg3 34. Nxg3 Kh8 35. Nxf5 Qf6 36. Nxe7 Qxe7 37. Qg6 Qh7 38. Qxh7+ Kxh7 39. Rcg2 Nf4 40. Rg7+ Kh6 41. R7g4 Kh5 42. Ne4 1-0

[Event "German-ch Women 2024"]
[Site "Ostfildern"]
[Date "2024.08.20"]
[Round "2.8"]
[White "Just, Anita"]
[Black "Albayrak, Aylin"]
[Result "1-0"]
[ECO "B46"]
[WhiteElo "1871"]
[BlackElo "1741"]
[Annotator "NA RC"]
[PlyCount "93"]
[EventDate "2024.08.16"]
[EventType "tourn"]
[EventCountry "GER"]
[SourceTitle "playchess.com"]
[Source "ChessBase"]
[SourceQuality "1"]
[TimeControl "40/5400+30:1800+30"]

1. e4 c5 2. Nf3 e6 3. d4 cxd4 4. Nxd4 Nc6 5. Nc3 a6 6. Nxc6 bxc6 7. Bd3 Nf6 {[%emt 0:01:37] B46: Sicilian: Taimanov: 5 Nc3 a6.} 8. Qe2 Bb4 9. Bd2 O-O 10. O-O d5 11. e5 Nd7 12. a3 Ba5 13. b4 Bc7 14. f4 a5 15. Rab1 axb4 16. axb4 Bb6+ 17. Kh1 Bb7 18. Qh5 g6 19. Qh6 Qe7 20. Ne2 Rfb8 21. Bc3 Qf8 22. Qg5 Bd8 23. Qg4 Ba6 24. f5 Bxd3 25. cxd3 exf5 26. Rxf5 Qe7 27. Rbf1 f6 28. exf6 Qf7 29. R5f2 c5 30. bxc5 Nxc5 31. Nf4 Ra4 32. Qg3 d4 33. Nxg6 hxg6 34. Qxb8 Ne6 35. Bb4 Kh7 36. Rf3 g5 37. Be7 Bc7 38. Rh3+ Kg6 39. Qh8 Nf4 40. Qh6+ Kf5 41. Qh7+ Ke6 42. Re1+ Be5 43. Qxf7+ Kxf7 44. Rh7+ Ke8 45. Bd6 Nxd3 46. f7+ Kd7 47. f8=Q+ 1-0

[Event "German-ch Women 2024"]
[Site "Ostfildern"]
[Date "2024.08.20"]
[Round "2.9"]
[White "Bursan, Ana-Maria"]
[Black "Wartenberg, Alissa"]
[Result "1-0"]
[ECO "C25"]
[WhiteElo "1719"]
[BlackElo "1858"]
[Annotator "NA RC"]
[PlyCount "63"]
[EventDate "2024.08.16"]
[EventType "tourn"]
[EventCountry "GER"]
[SourceTitle "playchess.com"]
[Source "ChessBase"]
[SourceQuality "1"]
[TimeControl "40/5400+30:1800+30"]

1. e4 e5 2. Nc3 Nc6 3. f4 exf4 4. Nf3 g5 5. g3 g4 6. Nh4 f3 7. d4 Bb4 8. d5 Bxc3+ 9. bxc3 Ne5 10. Qd4 Qf6 11. Bf4 d6 12. Bb5+ Bd7 13. Rb1 b6 14. Kf2 Bxb5 15. Rxb5 Ng6 16. e5 dxe5 17. Bxe5 Nxe5 18. Re1 O-O-O 19. Rxe5 Nh6 20. Qe4 Qd6 21. c4 a6 22. Rb3 Kb8 23. a4 a5 24. Rb5 Kc8 25. c5 bxc5 26. Rxa5 c6 27. Re7 Kb8 28. Rea7 Qxd5 29. Ra8+ Kc7 30. R5a7+ Kb6 31. a5+ Kb5 32. Rb7# 1-0

[Event "German-ch Women 2024"]
[Site "Ostfildern"]
[Date "2024.08.20"]
[Round "2.10"]
[White "Moeller, Hannah"]
[Black "Sokyrko, Sofiia"]
[Result "1-0"]
[ECO "E09"]
[WhiteElo "1845"]
[BlackElo "1585"]
[Annotator "NA RC"]
[PlyCount "75"]
[EventDate "2024.08.16"]
[EventType "tourn"]
[EventCountry "GER"]
[SourceTitle "playchess.com"]
[Source "ChessBase"]
[SourceQuality "1"]
[TimeControl "40/5400+30:1800+30"]

1. Nf3 d5 2. g3 Nf6 3. Bg2 e6 4. O-O Be7 5. d4 Nbd7 6. c4 c6 7. b3 O-O 8. Nbd2 b6 9. Bb2 Bb7 10. Qc2 Rc8 11. Rac1 h6 12. Qb1 Re8 13. e4 Nf8 14. cxd5 exd5 15. exd5 Nxd5 16. Nc4 Ng6 17. Nfe5 Nxe5 18. dxe5 b5 19. Rfd1 Qc7 20. Bxd5 cxd5 21. Nd6 Qd7 22. Nxc8 Rxc8 23. Rxc8+ Bxc8 24. Qd3 Bb7 25. Qd4 Bf8 26. Rc1 a6 27. Qe3 Be7 28. Bd4 Bg5 29. f4 Be7 30. Qc3 Bd8 31. Qc5 Qg4 32. Qd6 Bh4 33. Bf2 d4 34. Qb8+ Kh7 35. Qxb7 f6 36. Qe4+ f5 37. Qxd4 g5 38. Qd7+ 1-0